 Dungeon Crawl Stone Soup version 0.28.0-45-g0d030f2227 (webtiles) character file.

Game seed: 16920490618351916253

107 CryoSword the Shooter (level 4, -3/26 HPs)
             Began as a Tengu Arcane Marksman on Mar 31, 2022.
             Slain by an ogre
             ... wielding a +0 giant club
              (17 damage)
             ... on level 3 of the Dungeon.
             The game lasted 00:06:53 (2947 turns).

CryoSword the Shooter (Tengu Arcane Marksman)       Turns: 2947, Time: 00:06:54

Health: -3/26      AC:  5    Str: 12    XL:     4   Next: 85%
Magic:  5/6        EV: 11    Int: 13    God:
Gold:   80         SH:  0    Dex: 15    Spells: 1/5 levels left

rFire   . . .      SeeInvis .   w - +0 shortbow
rCold   . . .      Faith    .   (shield currently unavailable)
rNeg    . . .      Spirit   .   l - +0 ring mail
rPois   .          Reflect  .   (helmet restricted)
rElec   .          Harm     .   (no cloak)
rCorr   .          Rampage  .   (no gloves)
Will    .....                   (boots unavailable)
Stlth   +.........              (no amulet)
HPRegen 0.08/turn               (no ring)
MPRegen 0.10/turn               (no ring)

@: very slightly contaminated
A: beak, talons 3
a: no special abilities


You were on level 3 of the Dungeon.
You visited 1 branch of the dungeon, and saw 3 of its levels.

You collected 106 gold pieces.
You spent 26 gold pieces at shops.

Inventory:

Hand Weapons
 a - a +2 dagger of draining
   (You took it off a kobold on level 1 of the Dungeon)
 w - a +0 shortbow (weapon)
Missiles
 c - 35 arrows (quivered ammo)
 d - 3 boomerangs
 g - 6 poisoned darts
Armour
 l - a +0 ring mail (worn)
   (You found it on level 3 of the Dungeon)
Scrolls
 b - a scroll of enchant armour
 e - a scroll of teleportation {unknown}
 f - a scroll of fear
 h - a scroll of holy word {unknown}
Potions
 i - a potion of flight {unknown}
 k - a potion of cancellation


   Skills:
 + Level 2.0 Fighting
 * Level 3.8 Bows
 + Level 3.1 Dodging
 + Level 1.7 Stealth
 - Level 1.0 Spellcasting
 - Level 2.1 Hexes


You had one spell level left.
You knew the following spells:

 Your Spells              Type           Power      Damage    Failure   Level
a - Slow                  Hex            24%        N/A       26%         1
b - Portal Projectile     Hex/Tloc       6%         N/A       77%         3

Your spell library contained the following spells:

 Spells                   Type           Power      Damage    Failure   Level
 Inner Flame              Hex/Fire       3%         N/A       77%         3
 Cause Fear               Hex            3%         N/A       95%         4


Dungeon Overview and Level Annotations

Branches:
Dungeon (3/15)

Altars:
Xom

Shops:
D:1 ?


Innate Abilities, Weirdness & Mutations

You have a beak for a mouth.
You have claws for feet.


Message History

You finish memorising.
Spell assigned to 'b'.
A jackal comes into view.
A jackal is nearby!
A jackal is nearby!
A jackal is nearby!
No target in view!
No target in view!
An ogre and a hobgoblin come into view.
Found a stone staircase leading down.
The ogre shouts!
The hobgoblin shouts!
You hear an angry hiss.
There are monsters nearby!
A frilled lizard comes into view.
Found a heavily runed steel ring.
The jackal barks!
The frilled lizard hisses angrily.
You hit the hobgoblin. You claw the hobgoblin.
You kill the hobgoblin!
The jackal bites you but does no damage.
A kobold comes into view. It is wielding a +0 whip.
The jackal bites you but does no damage.
The jackal barely misses you. The jackal bites you.
The kobold throws a stone.
The stone hits you but does no damage. The jackal bites you.
The jackal closely misses you.
The frilled lizard hisses.
The jackal closely misses you. The jackal bites you.
The jackal bites you but does no damage.
The jackal bites you.
The jackal bites you but does no damage.
The jackal bites you. The jackal bites you. The jackal closely misses you.
The jackal barely misses you. The jackal bites you.
The jackal bites you but does no damage.
The jackal misses you.
The jackal bites you but does no damage.
The jackal closely misses you. The jackal completely misses you.
There is a stone staircase leading up here.
The jackal bites you but does no damage.
You climb upwards.
There is a stone staircase leading down here.
You hit the jackal. Your kick misses the jackal. You peck the jackal.
The jackal closely misses you. The jackal barely misses you.
You barely miss the jackal. You claw the jackal.
You kill the jackal!
No target in view!
There is a stone staircase leading down here.
There is a stone staircase leading down here.
Things that are here:
a +0 leather armour; a +0 dagger
Items here: ))) [.
Done exploring.
Done exploring.
There is a shimmering altar of Xom here.
There is a stone staircase leading down here.
You climb downwards.
The goblin shouts!
You hear an angry hiss.
The goblin barely misses you.
A frilled lizard comes into view.
There is a stone staircase leading up here.
You hit the goblin.
You kill the goblin!
Found 23 sling bullets.
The frilled lizard barely misses you.
You see here a +0 club.
You hit the frilled lizard. You claw the frilled lizard.
You kill the frilled lizard!
No target in view!
No target in view!
Found a ring mail.
d - 3 boomerangs A frilled lizard comes into view.
A frilled lizard is nearby!
A frilled lizard is nearby!
The frilled lizard bites you.
You closely miss the frilled lizard. The frilled lizard closely misses you.
You closely miss the frilled lizard. Your kick misses the frilled lizard.
You peck the frilled lizard, but do no damage.
The frilled lizard bites you but does no damage.
You hit the frilled lizard.
You kill the frilled lizard!
No target in view!
A goblin comes into view. It is wielding a +0 dagger.
Found 16 stones.
A goblin is nearby!
A goblin is nearby!
A goblin is nearby!
The goblin shouts!
You see here 16 stones.
You hit the goblin.
You kill the goblin!
No target in view!
No target in view!
Things that are here:
a +0 dagger; a goblin corpse An ogre is nearby!
An ogre is nearby!
An ogre is nearby!
w - a +0 shortbow (weapon)
The ogre shouts!
You shoot an arrow. The arrow hits the ogre.
You shoot an arrow.
The arrow hits the ogre but does no damage.
You shoot an arrow. The arrow barely misses the ogre.
Aim: an ogre, wielding a +0 giant club (moderately wounded, chance to affect: 43%)
The ogre seems to slow down.
The ogre is no longer moving slowly.
You shoot an arrow. The arrow hits the ogre.
You shoot an arrow.
The arrow hits the ogre but does no damage.
You shoot an arrow. The arrow hits the ogre.
The spell is potentially lethal to miscast (77% risk of failure)!
Continue anyway?
Okay, then.
Unknown command.
Aim: an ogre, wielding a +0 giant club (moderately wounded, chance to affect: 43%)
You miscast Slow.
You are very lightly contaminated with residual magic.
Nothing appears to happen.
The ogre misses you.
Aim: an ogre, wielding a +0 giant club (moderately wounded, chance to affect: 43%)
You miscast Slow.
Nothing appears to happen.
Aim: an ogre, wielding a +0 giant club (moderately wounded, chance to affect: 43%)
Okay, then.
Aim: an ogre, wielding a +0 giant club (moderately wounded, chance to affect: 43%)
You miscast Slow.
Nothing appears to happen.
The ogre barely misses you.
Unknown command.
Aim: an ogre, wielding a +0 giant club (moderately wounded, chance to affect: 43%)
You miscast Slow.
Nothing appears to happen.
The ogre hits you with a +0 giant club!
Ouch! That really hurt!
* * * LOW HITPOINT WARNING * * *
Your magical contamination has completely faded away.
The ogre hits you with a +0 giant club!
* * * LOW HITPOINT WARNING * * *
The ogre closely misses you.
Aim: an ogre, wielding a +0 giant club (chance to affect: 43%)
The ogre resists with some effort.
The ogre barely misses you.
Aim: an ogre, wielding a +0 giant club (chance to affect: 43%)
The ogre resists with some effort.
The ogre misses you.
Things that are here:
a +0 dagger; a goblin corpse You see here 16 stones.
Aim: an ogre, wielding a +0 giant club (chance to affect: 43%)
You miscast Slow.
You are very lightly contaminated with residual magic.
Nothing appears to happen.
The ogre hits you with a +0 giant club!
Ouch! That really hurt!
You die...

####..# #.#.# #.##
......# #.#.# #(#
#####.# #.#.# #.# #.#
######.#.# #.#
#.####........# #.#
#........#.#.#######.#
#.######..##.........#
#.# ###.#O###.#####
#####.##########@###.##
.............##...##..##
###.######..##.....##..#
#.# #......♣...+..# #.#
#..###...###..# #.# ##.#
#...# #.## #.# #.# #.<.#
#.# #.# #.# #.).# #.##
#.# #.###.÷.###..#


You could see an ogre.

Vanquished Creatures
  An orc priest (D:2)
  A worm (D:2)
  A dart slug (D:1)
  3 orcs (D:2)
  3 bats (D:1)
  5 endoplasms (D:1)
  5 giant cockroaches
  7 goblins
  9 hobgoblins
  4 jackals
  3 quokkas
  6 ball pythons
  6 frilled lizards
  4 kobolds
  6 rats
64 creatures vanquished.

Notes
Turn   | Place    | Note
-------+----------+-------------------------------------------
     0 | D:1      | CryoSword the Tengu Arcane Marksman began the quest for the
                  | Orb.
     0 | D:1      | Reached XP level 1. HP: 12/12 MP: 3/3
   202 | D:1      | Reached XP level 2. HP: 16/16 MP: 4/4
   455 | D:1      | Found Goteh's Magic Scroll Emporium.
   465 | D:1      | Bought a scroll of identify for 26 gold pieces
   478 | D:1      | Reached skill level 1 in Stealth
   501 | D:1      | Reached XP level 3. HP: 20/20 MP: 5/5
  1830 | D:2      | Reached XP level 4. HP: 16/26 MP: 6/6
  2018 | D:2      | Found a shimmering altar of Xom.
  2412 | D:3      | Learned a level 3 spell: Portal Projectile
  2438 | D:3      | Noticed an ogre
  2947 | D:3      | Slain by an ogre

Illustrated notes

Levels and vault maps discovered:
D:1:      minmay_arrival_up_and_down, layout_loops_corners, serial_shops,
          nicolae_diamond_shop
D:2:      layout_loops_cross, basic_altar
D:3:      layout_loops_ring, grunt_ministairs_15

Skill      XL: |  1  2  3  4 |
---------------+-------------+-----
Stealth        | 1 |  1.7
Bows           | 3 |  3.8
Dodging        | 3 |  3.1
Fighting       | 2 |  2.0
Spellcasting   | |  1.0
Hexes          | |  2.1

Action                   |  1- 3 |  4- 6 || total
-------------------------+-------+-------++-------
Melee: Dagger            |    37 |    29 ||    66
       Peck              |     4 |     4 ||     8
       Kick              |     3 |     7 ||    10
 Fire: Shortbow          |    81 |     6 ||    87
 Cast: Slow              |       |     3 ||     3
  Use: Scroll            |     2 |     1 ||     3
 Stab: Sleeping          |     2 |     2 ||     4
Armor: Robe              |     4 |       ||     4
       Ring mail         |       |     9 ||     9
Dodge: Dodged            |    17 |    29 ||    46
